 Dungeon Crawl Stone Soup version 0.30-b1-2-g02819fbbbe (webtiles) character file.

Game seed: 5478808160191209430

(classic levelgen) 34197 EnegeticOcto the Fencer (level 13, -3/116 HPs)
             Began as a Minotaur Gladiator on May 9, 2023.
             Was the Champion of Cheibriados.
             Slain by a death yak (13 damage)
             ... on level 2 of the Lair of Beasts.
             The game lasted 00:08:56 (14227 turns).

EnegeticOcto the Fencer (Minotaur Gladiator)       Turns: 14227, Time: 00:08:57

Health: -3/116     AC: 19    Str: 35    XL:     13   Next: 40%
Magic:  16/17      EV: 22    Int: 20    God:    Cheibriados [******]
Gold:   1088       SH: 12    Dex: 31    Spells: 12/12 levels left

rFire   + + .        a - +1 double sword (elec)
rCold   . . .        l - +0 kite shield
rNeg    . . .        p - +0 chain mail
rPois   +            c - +2 hat
rElec   .            F - +1 cloak {rCorr}
rCorr   +            y - +0 pair of gloves
SInv    +            H - +0 pair of boots
Will    .....        t - amulet "Aklamn" {Acrobat rPois rF++ Will-} Stlth
                     L - ring of see invisible
HPRegen 0.39/turn    (no ring)
MPRegen 0.15/turn

%: acrobat
@: slowed, studying Fighting, very slow
A: horns 2, retaliatory headbutt
a: Renounce Religion, Bend Time, Temporal Distortion, Slouch, Step From Time


You were on level 2 of the Lair of Beasts.
You worshipped Cheibriados.
Cheibriados was exalted by your worship.
You visited 2 branches of the dungeon, and saw 14 of its levels.
You also visited: Sewer.

You collected 1088 gold pieces.

Inventory:

Hand Weapons
 a - a +1 double sword of electrocution (weapon)
   (You took it off Urug on level 12 of the Dungeon)
 b - a +1 scimitar of flaming
   (You took it off Erica on level 9 of the Dungeon)
 B - a +5 scimitar
   (You took it off a wight on level 9 of the Dungeon)
 I - a +0 great sword
   (You took it off a wight on level 9 of the Dungeon)
Missiles
 d - 3 throwing nets (quivered)
 e - 3 javelins
 O - 7 silver javelins
Armour
 c - a +2 hat (worn)
 g - an orb of light
   (You found it on level 1 of the Dungeon)
 l - a +0 kite shield (worn)
   (You found it on level 1 of the Lair of Beasts)
 p - a +0 chain mail (worn)
   (You found it on level 3 of the Dungeon)
 y - a +0 pair of gloves (worn)
   (You found it in a sewer)
 F - a +1 cloak of preservation (worn)
   (You found it on level 10 of the Dungeon)
 H - a +0 pair of boots (worn)
   (You found it on level 8 of the Dungeon)
Jewellery
 t - the amulet "Aklamn" (around neck) {Acrobat rPois rF++ Will-}
   (You acquired it on level 5 of the Dungeon)

   [amulet of the acrobat]

   It increases your evasion while moving and waiting.
   rF:        It greatly protects you from fire.
   rPois:     It protects you from poison.
   Will:      It decreases your willpower.
 L - a ring of see invisible (left hand)
   (You found it on level 9 of the Dungeon)
Wands
 o - a wand of digging (5) {@v3}
   (You found it on level 2 of the Dungeon)
 u - a wand of roots (42) {@v2}
   (You found it on level 4 of the Dungeon)
 x - a wand of mindburst (16)
   (You found it on level 4 of the Dungeon)
 D - a wand of paralysis (17)
   (You found it on level 7 of the Dungeon)
 N - a wand of polymorph (10)
   (You found it on level 10 of the Dungeon)
Scrolls
 k - 2 scrolls of enchant weapon
 n - 6 scrolls of teleportation {@r3}
 s - 2 scrolls of butterflies
 A - 4 scrolls of fog
 C - 2 scrolls of magic mapping {@r5}
 E - a scroll of enchant armour
 G - a scroll of blinking {@r4}
 K - 3 scrolls of identify {@r1}
Potions
 f - a potion of magic
 h - 6 potions of curing {@q1}
 i - a potion of berserk rage
 j - 5 potions of flight
 m - 3 potions of resistance {@q5}
 q - 4 potions of ambrosia {unknown}
 v - 4 potions of might {unknown}
 w - 3 potions of heal wounds {@q2}
 z - 3 potions of mutation {unknown}
 J - a potion of cancellation {unknown}
Miscellaneous
 M - a phantom mirror
   (You found it on level 10 of the Dungeon)
 V - a condenser vane
   (You found it on level 11 of the Dungeon)


   Skills:
 + Level 11.4 Fighting
 * Level 15.6 Long Blades
 - Level 2.0 Throwing
 + Level 10.9 Armour
 * Level 13.4 Dodging
 * Level 4.1 Shields
 + Level 7.7 Invocations


You had 12 spell levels left.
You didn't know any spells.
Your spell library was empty.

Dungeon Overview and Level Annotations

Branches:
Dungeon (12/15)            Temple (0/1) D:6            Lair (2/5) D:9
  Swamp (0/4) Lair:2          Orc (0/2) D:12          Sewer (visited)
  Snake: Lair:2-3    Spider: Lair:2-3

Altars:
Ashenzari
Cheibriados
Dithmenos
Gozag
Hepliaklqana
Kikubaaqudgha
Okawaru
Sif Muna
Trog
Uskayaw
Vehumet
Wu Jian
Xom
Zin
The Shining One

Shops:
D:5 *?   D:8 :

Annotations:
D:4 exclusion: goblin
D:5 2 transporters, EnegeticOcto's ghost, novice MiFi
Lair:1 3 runed translucent doors, Akransas's ghost, journeyman DEEE


Innate Abilities, Weirdness & Mutations

You have a pair of horns on your head.
You reflexively headbutt those who attack you in melee.


Message History

The death yak completely misses you. You furiously retaliate!
You headbutt the death yak! You block the death yak's attack.
You are too injured to fight recklessly!
You are too injured to fight recklessly!
You are too injured to fight recklessly!
You are too injured to fight recklessly!
You are too injured to fight recklessly!
You are too injured to fight recklessly!
You are too injured to fight recklessly!
You are too injured to fight recklessly!
You are too injured to fight recklessly!
You are too injured to fight recklessly!
You are too injured to fight recklessly!
You hit the death yak.
You headbutt the death yak, but do no damage.
The death yak is lightly wounded.
The death yak completely misses you. The death yak barely misses you.
You furiously retaliate!
You headbutt the death yak. You block the death yak's attack.
The death yak gores you but does no damage.
You slice the death yak!!
Lightning courses through the death yak!!
Your headbutt misses the death yak.
The death yak is heavily wounded.
The death yak gores you but does no damage. x2
The death yak closely misses you. You block the death yak's attack.
You completely miss the death yak. You headbutt the death yak.
The death yak is heavily wounded.
You block the death yak's attack. x2; The death yak completely misses you.
You furiously retaliate!
You headbutt the death yak. The death yak completely misses you.
You furiously retaliate!
You headbutt the death yak. You barely miss the death yak.
You headbutt the death yak!
The death yak is severely wounded.
You block the death yak's attack. The death yak closely misses you.
The death yak gores you but does no damage.
You block the death yak's attack. The flow of time bends around you.
Cheibriados rebukes the death yak.
The death yak seems to slow down.
Cheibriados rebukes the death yak.
The death yak seems to slow down.
The death yak resists with some effort.
Cheibriados rebukes the death yak.
The death yak seems to slow down.
You block the death yak's attack. x2
The death yak closely misses you. You furiously retaliate!
You headbutt the death yak! The death yak barely misses you.
You block the death yak's attack.
The death yak gores you but does no damage.
You hit the death yak but do no damage.
Lightning courses through the death yak!
The death yak is almost dead.
You block the death yak's attack. x2; The death yak gores you!
You hit the death yak. You headbutt the death yak.
You kill the death yak!
Cheibriados appreciates the change of pace.
You block the death yak's attack.
The death yak gores you but does no damage.
The death yak misses you. You furiously retaliate!
You headbutt the death yak.
Your Shields skill increases to level 4!
You slice the death yak!!
Lightning courses through the death yak!
The death yak is heavily wounded.
The death yak gores you but does no damage.
You block the death yak's attack.
The death yak gores you but does no damage.
You slash the death yak!
The death yak is severely wounded.
The death yak completely misses you. x2; You block the death yak's attack.
You slash the death yak! You headbutt the death yak.
The death yak is almost dead.
The death yak gores you!
* * * LOW HITPOINT WARNING * * *
The death yak misses you. You furiously retaliate!
You headbutt the death yak! The death yak gores you!
* * * LOW HITPOINT WARNING * * *
You hit the death yak. You headbutt the death yak.
The death yak is almost dead.
The death yak completely misses you. You block the death yak's attack.
The death yak closely misses you. You furiously retaliate!
You headbutt the death yak, but do no damage.
You hit the death yak but do no damage.
The death yak is almost dead.
You block the death yak's attack. The death yak closely misses you.
You furiously retaliate!
You headbutt the death yak. The death yak closely misses you.
You furiously retaliate!
You headbutt the death yak. The death yak misses you.
You slash the death yak!
You kill the death yak!
Cheibriados appreciates the change of pace.
You block the death yak's attack.
You hit the death yak.
The death yak is moderately wounded.
The death yak completely misses you. You furiously retaliate!
You headbutt the death yak! The death yak gores you!
* * * LOW HITPOINT WARNING * * *
You slice the death yak!! Your headbutt misses the death yak.
The death yak is heavily wounded.
The death yak is no longer moving slowly.
You block the death yak's attack. The death yak gores you!
You die...

.........# ..§§..§§§.. ..#.......
.....§§§..... .........#
.§§♣§§♣~...+ ..#......###
..§§§§♣...#
####....##.###.~~~§~...#
####...........§§♣~.....
[......................#
#................†......
#...............@.........
...............Y>Y........
........................##..
.P#....................#.....
..##.......†#.#...............
..........#...#...............
................#..............
....~.~~.P.....##...........#...
...~≈~~~~.#.....#.Y..............


You could see 2 death yaks.

Vanquished Creatures
  Rupert (D:12)
  Fannar (D:12)
  A hydra (D:10)
  2 two-headed ogres
  Erica (D:9)
  2 boulder beetles
  4 death yaks (Lair:2)
  Urug (D:12)
  Lodul (D:10)
  2 bog bodies (Lair:2)
  2 ugly things
  A manticore (D:11)
  4 cyclopes
  4 slime creatures (D:12)
  7 cane toads
  2 gargoyles (D:12)
  A rime drake (Lair:2)
  Psyche (D:9)
  2 komodo dragons
  3 kobold demonologists
  2 unseen horrors
  Prince Ribbit (D:9)
  4 trolls
  8 blink frogs (Lair:2)
  A wyvern (D:9)
  A shadow (D:11)
  2 wraiths
  29 yaks
  9 vampire mosquitoes
  2 acid dragons
  6 water moccasins
  9 orc warriors
  An ice beast (D:7)
  7 black bears
  6 ogres (D:10)
  A centaur (D:7)
  4 wolves (Lair:2)
  A phantom (D:7)
  5 kobold brigands
  A gnoll sergeant (D:10)
  4 bullfrogs
  6 scorpions
  7 wights (D:9)
  24 killer bees
  2 electric eels (Lair:1)
  4 jellies
  2 gnoll boudas (D:6)
  7 hounds
  8 orc priests
  2 iguanas (D:5)
  3 sleepcaps
  18 orc wizards
  5 hell rats (Lair:2)
  19 gnolls
  12 adders
  5 river rats (Sewer)
  A shadow imp (D:7)
  2 ufetubi
  6 worms
  3 dart slugs
  41 orcs
  10 endoplasms
  3 giant cockroaches
  9 goblins
  2 hobgoblins
  6 jackals
  3 quokkas (D:2)
  21 ball pythons
  6 bats
  15 frilled lizards
  19 kobolds
  22 rats
440 creatures vanquished.

Vanquished Creatures (others)
  21 fungi
  26 plants
47 creatures vanquished.

Grand Total: 487 creatures vanquished

Notes
Turn   | Place    | Note
-------+----------+-------------------------------------------
     0 | D:1      | EnegeticOcto the Minotaur Gladiator began the quest for the
                  | Orb.
     0 | D:1      | Reached XP level 1. HP: 18/18 MP: 0/0
   146 | D:1      | Reached XP level 2. HP: 25/25 MP: 1/1
   220 | D:1      | Reached skill level 4 in Long Blades
   323 | D:1      | Reached skill level 1 in Armour
   574 | D:1      | Reached XP level 3. HP: 29/30 MP: 2/2
  1165 | D:2      | Reached XP level 4. HP: 32/38 MP: 3/3
  1291 | D:2      | Found an iron altar of Okawaru.
  1652 | D:3      | Found an opulent altar of Gozag.
  1837 | D:3      | Reached skill level 5 in Long Blades
  1848 | D:3      | HP: 1/38 [orc/+0 hand axe (5)]
  2353 | D:4      | Reached XP level 5. HP: 41/45 MP: 4/4
  2478 | D:4      | Found a hazy altar of Hepliaklqana.
  2486 | D:4      | Found a shadowy altar of Dithmenos.
  2487 | D:4      | Noticed a shadow
  2607 | D:4      | Found an ornate altar of the Wu Jian Council.
  2815 | D:5      | Entered Level 5 of the Dungeon
  2855 | D:5      | Reached XP level 6. HP: 33/52 MP: 5/5
  2988 | D:5      | Found a transporter.
  3023 | D:5      | Noticed EnegeticOcto's ghost (novice MiFi)
  3026 | D:5      | Reached skill level 6 in Long Blades
  3029 | D:5      | Found a transporter.
  3036 | D:5      | Noticed a small abomination
  3037 | D:5      | Noticed an ancient zyme
  3335 | D:5      | Found a glowing drain.
  3339 | Sewer    | Entered a sewer
  3675 | Sewer    | Reached XP level 7. HP: 31/60 MP: 6/6
  3790 | D:5      | Identified a scroll of acquirement
  3790 | D:5      | Acquired the amulet "Aklamn" {Acrobat rPois rF++ Will-}
  3900 | D:5      | Reached skill level 7 in Long Blades
  3900 | D:5      | Reached skill level 5 in Dodging
  3969 | D:5      | Reached skill level 5 in Fighting
  4160 | D:5      | Found Xaec's Magic Scroll Shoppe.
  4216 | D:5      | Found Emant's Assorted Antiques.
  4549 | D:6      | Reached skill level 8 in Long Blades
  4549 | D:6      | Reached XP level 8. HP: 58/69 MP: 7/7
  4626 | D:6      | Found a snail-covered altar of Cheibriados.
  4643 | D:6      | Reached skill level 5 in Armour
  4679 | D:6      | Reached skill level 9 in Long Blades
  4861 | D:6      | Became a worshipper of Cheibriados the Contemplative
  5319 | D:6      | Found a staircase to the Ecumenical Temple.
  5514 | D:7      | Reached skill level 1 in Invocations
  5537 | D:7      | Reached XP level 9. HP: 39/78 MP: 8/8
  5956 | D:7      | Found a bloodstained altar of Trog.
  5987 | D:7      | Reached * piety under Cheibriados
  6215 | D:7      | Found a hide-covered altar of Uskayaw.
  6298 | D:7      | Reached skill level 10 in Long Blades
  7150 | D:8      | Found Heqaw's Book Shop.
  7402 | D:8      | Found an ancient bone altar of Kikubaaqudgha.
  7420 | D:8      | Reached ** piety under Cheibriados
  7542 | D:8      | Reached XP level 10. HP: 47/86 MP: 11/11
  7901 | D:8      | Reached skill level 11 in Long Blades
  7931 | D:8      | Reached *** piety under Cheibriados
  8371 | D:9      | Found a staircase to the Lair.
  8476 | D:9      | Found a radiant altar of Vehumet.
  8476 | D:9      | Found a broken altar of Ashenzari.
  8510 | D:9      | Found a glowing golden altar of the Shining One.
  8536 | D:9      | Noticed Prince Ribbit
  8541 | D:9      | Found a glowing silver altar of Zin.
  8548 | D:9      | Killed Prince Ribbit
  8603 | D:9      | Reached skill level 12 in Long Blades
  8673 | D:9      | Noticed Psyche
  8677 | D:9      | Killed Psyche
  8677 | D:9      | Reached **** piety under Cheibriados
  8844 | D:9      | Noticed Erica
  8854 | D:9      | Killed Erica
  8855 | D:9      | Reached XP level 11. HP: 73/95 MP: 13/13
  9176 | D:9      | Reached skill level 10 in Dodging
  9265 | D:10     | Entered Level 10 of the Dungeon
  9461 | D:10     | Noticed an eight-headed hydra
  9465 | D:10     | Killed a five-headed hydra
  9498 | D:10     | Found a shimmering blue altar of Sif Muna.
  9511 | D:10     | Reached skill level 5 in Invocations
  9609 | D:10     | Reached ***** piety under Cheibriados
  9666 | D:10     | Noticed Lodul
  9680 | D:10     | Killed Lodul
  9725 | D:10     | Found a shimmering altar of Xom.
  9893 | D:10     | Noticed a two-headed ogre
  9897 | D:10     | Killed a two-headed ogre
  9898 | D:10     | Reached skill level 13 in Long Blades
 10291 | D:11     | Found an ancient bone altar of Kikubaaqudgha.
 10463 | D:11     | Noticed a boulder beetle
 10479 | D:11     | Killed a boulder beetle
 10599 | D:11     | Noticed a cyan ugly thing
 10608 | D:11     | Killed a cyan ugly thing
 10830 | D:11     | Reached XP level 12. HP: 96/106 MP: 15/15
 11230 | D:12     | Noticed Urug
 11238 | D:12     | Killed Urug
 11324 | D:12     | Reached skill level 14 in Long Blades
 11326 | D:12     | Reached skill level 10 in Fighting
 11431 | D:12     | Noticed Rupert
 11448 | D:12     | Killed Rupert
 11741 | D:12     | Reached skill level 10 in Armour
 11814 | D:12     | Reached ****** piety under Cheibriados
 11973 | D:12     | Found a staircase to the Orcish Mines.
 12137 | D:12     | Noticed Fannar
 12148 | D:12     | Killed Fannar
 12260 | D:12     | Noticed a two-headed ogre
 12266 | D:12     | Killed a two-headed ogre
 12717 | Lair:1   | Entered Level 1 of the Lair of Beasts
 12895 | Lair:1   | Reached skill level 15 in Long Blades
 13065 | Lair:1   | Noticed a boulder beetle
 13079 | Lair:1   | Killed a boulder beetle
 13421 | Lair:1   | Found a runed translucent gate.
 13421 | Lair:1   | Found a runed translucent gate.
 13421 | Lair:1   | Found a runed translucent gate.
 13425 | Lair:1   | Noticed Akransas's ghost (journeyman DEEE)
 13518 | Lair:2   | Reached skill level 1 in Shields
 13615 | Lair:2   | Noticed a death yak
 13616 | Lair:2   | Noticed a death yak
 13616 | Lair:2   | Noticed a death yak
 13616 | Lair:2   | Noticed a death yak
 13617 | Lair:2   | Noticed a death yak
 13619 | Lair:2   | Noticed a death yak
 13623 | Lair:2   | Killed a death yak
 13624 | Lair:2   | Reached XP level 13. HP: 96/115 MP: 17/17
 13730 | Lair:2   | Acquired a manual of Fighting
 14183 | Lair:2   | Found a staircase to the Swamp.
 14227 | Lair:2   | Slain by a death yak

Illustrated notes

Levels and vault maps discovered:
D:1:      sevenhm_arrival_forest_fort_small_4, layout_loops_ring,
          minmay_lizard_king
D:2:      minmay_diamond_boxcup, layout_basic, basic_altar
D:3:      minmay_skewed_foursquare, layout_rooms, grunt_gozag_statues
D:4:      layout_cave_pools, riverfiend_overflow_shadow_ancestor,
          kennysheep_okawaru_gauntlet, lemuel_tele_altar
D:5:      layout_basic, gammafunk_ghost_abyssal_escape,
          lightli_sewer_entry_pipes, serial_shops, shop, shop, minmay_between
D:6:      wander_river, layout_basic, minmay_temple_entry_metal_lava,
          minmay_ruined_shrine
D:7:      layout_layer_cave, overflow_temple_1_default, old_standard_altar,
          roderic_three_in_a_row
D:8:      layout_basic, mainiacjoe_overflow_surrounded_room, serial_shops, shop
D:9:      layout_stronghold, mainiacjoe_overflow_boulevard,
          overflow_temple_1_default, grunt_temple_overflow_open,
          grunt_lair_entry_orc_guard_hut, minmay_holes, uniq_psyche, uniq_erica,
          uniq_prince_ribbit1
D:10:     layout_basic, xom_teletrap_fun, mainiacjoe_overflow_cross_hatched,
          uniq_lodul
D:11:     layout_long_grid, kiku_gazebo_garden_becter
D:12:     layout_roguey, david_orc_4, uniq_fannar, uniq_rupert, uniq_urug
Lair:1:   layout_regular_city, ebering_ghost_rock_garden,
          infiniplex_staircase_pool, grunt_megastairs_4
Lair:2:   layout_regular_city, skrybe_swamp_entry_bodies,
          spider_nest_entry_funnel_web, infiniplex_staircase_pool_2,
          grunt_megastairs_3, serial_bayou_shore_b

Skill      XL: |  1  2  3  4  5  6  7  8  9 10 11 12 13 |
---------------+----------------------------------------+-----
Long Blades    | 4 5 6 8 9 10 12 13 15 | 15.6
Armour         | 1 2 3 4 6 7 8 9 10 | 10.9
Fighting       | 3 4 5 6 7 8 9 10 11 | 11.4
Dodging        | 4 5 6 8 9 11 12 13 | 13.4
Invocations    | 1 3 4 6 7 |  7.7
Shields        | 1 4 |  4.1
Throwing       | |  2.0

Action                     |  1- 3 |  4- 6 |  7- 9 | 10-12 | 13-15 || total
---------------------------+-------+-------+-------+-------+-------++-------
  Melee: Long sword        |    84 |   189 |   214 |       |       ||   487
         Headbutt          |    16 |    39 |    69 |   144 |    25 ||   293
         Scimitar          |       |       |    71 |   418 |       ||   489
         Double sword      |       |       |       |    33 |    78 ||   111
 Invoke: Bend Time         |       |       |       |       |     1 ||     1
    Use: Scroll            |       |     9 |     5 |     8 |     2 ||    24
         Potion            |       |       |     4 |     1 |       ||     5
 Armour: Leather armour    |    33 |     1 |       |       |       ||    34
         Chain mail        |       |   120 |   155 |   120 |    22 ||   417
         Skin              |       |       |    32 |       |       ||    32
  Dodge: Dodged            |    54 |   122 |   196 |   426 |    70 ||   868
  Block: Kite shield       |       |       |       |    15 |    51 ||    66
